 Dungeon Crawl Stone Soup version 0.26.0-10-g1f06aea511 (webtiles) character file.

Game seed: 17368071041030672198

3376 Tungsten the Tainter (level 10, -3/56 HPs)
             Began as an Octopode Venom Mage on Jan 24, 2021.
             Was a Believer of Vehumet.
             Slain by an unseen horror (10 damage)
             ... on level 10 of the Dungeon.
             The game lasted 00:32:19 (12949 turns).

Tungsten the Tainter (Octopode Venom Mage)         Turns: 12949, Time: 00:32:20

Health: -3/56      AC:  1    Str:  8    XL:     10   Next: 3%
Magic:  18/23      EV: 13    Int: 20    God:    Vehumet [**....]
Gold:   303        SH:  0    Dex: 13    Spells: 14/27 levels left

rFire    . . .     SeeInvis .   a - +2 whip (venom)
rCold    + . .     Faith    .   (no shield)
rNeg     . . .     Spirit   .   (helmet restricted)
rPois    .         Reflect  .   (no amulet)
rElec    .         Harm     .   j - ring of stealth
rCorr    +         Rampage  .   s - ring of stealth
Will     .....                  t - ring of protection from cold
Stlth    +++++.....             I - ring of resist corrosion
HPRegen  0.18/turn              (no ring)
MPRegen  0.18/turn              (no ring)
                                (no ring)
                                (no ring)

@: about to teleport
A: almost no armour, stealthy swim, amphibious, 8 rings, constrict 8, camouflage
1, gelatinous body 1
a: Renounce Religion


You were on level 10 of the Dungeon.
You worshipped Vehumet.
Vehumet was pleased with you.
You visited 2 branches of the dungeon, and saw 11 of its levels.

You collected 303 gold pieces.

Inventory:

Hand Weapons
 a - a +2 whip of venom (weapon)
 b - a +0 hunting sling of flaming
 c - a +0 mace of holy wrath
 x - a +1 spear of freezing
 y - a +4 trident of venom
Missiles
 e - 474 stones
 u - 20 sling bullets
 w - 8 poisoned darts
 F - 2 throwing nets
 J - 22 javelins
Jewellery
 j - a ring of stealth (left tentacle)
 s - a ring of stealth (right tentacle)
 t - a ring of protection from cold (on tentacle)
 I - a ring of resist corrosion (on tentacle)
Wands
 d - a wand of disintegration (5)
 i - a wand of iceblast (7)
 p - a wand of paralysis (7)
 E - a wand of enslavement (3)
 O - a wand of polymorph (5)
Scrolls
 f - a scroll of enchant weapon
 h - 6 scrolls of remove curse
 l - a scroll of amnesia
 n - 3 scrolls of teleportation
 o - a scroll of random uselessness {unknown}
 A - a scroll of enchant armour {unknown}
 H - 2 scrolls of immolation {unknown}
Potions
 g - 2 potions of mutation
 k - 2 potions of curing
 m - 2 potions of flight
 q - 3 potions of attraction
 r - 2 potions of brilliance
 v - a potion of might
 z - a potion of degeneration {unknown}
 B - a potion of lignification {unknown}
 C - a potion of berserk rage
 D - a potion of ambrosia


   Skills:
 - Level 2.0 Dodging
 - Level 2.6 Stealth
 + Level 9.0 Spellcasting
 - Level 2.0 Conjurations
 - Level 5.0 Transmutations
 - Level 2.0 Fire Magic
 - Level 2.0 Air Magic
 - Level 10.0 Poison Magic


You had 14 spell levels left.
You knew the following spells:

 Your Spells              Type           Power        Failure   Level
a - Sting                 Tmut/Pois      100%         1%          1
b - Poisonous Vapours     Pois/Air       66%          1%          2
c - Mephitic Cloud        Conj/Pois/Air  27%          3%          3
d - Olgreb's Toxic Radia  Pois           49%          1%          4
e - Ignite Poison         Fire/Tmut/Pois 31%          2%          3

Your spell library contained the following spells:

 Spells                   Type           Power        Failure   Level
 Searing Ray              Conj           34%          4%          2
 Summon Small Mammal      Summ           36%          8%          1
 Call Imp                 Summ           9%           12%         2
 Call Canine Familiar     Summ           9%           22%         3
 Summon Guardian Golem    Hex/Summ       9%           22%         3
 Summon Lightning Spire   Summ/Air       13%          45%         4
 Summon Ice Beast         Ice/Summ       9%           58%         4


Dungeon Overview and Level Annotations

Branches:
Dungeon (11/15)            Temple (1/1) D:7            Lair (0/6) D:11
    Orc: D:9-12

Altars:
Ashenzari
Cheibriados
Dithmenos
Elyvilon
Fedhas
Gozag
Hepliaklqana
Kikubaaqudgha
Makhleb
Nemelex Xobeh
Okawaru
Qazlal
Ru
Sif Muna
Trog
Uskayaw
Vehumet
Wu Jian
Xom
Yredelemnul
Zin
The Shining One

Shops:
D:7 :

Annotations:
D:3 1 runed translucent door, ioannis32's ghost, amateur DsBe
D:5 3 runed translucent doors, Goblin1989's ghost, weakling DsDe; Jaiteiro's ghost, novice DsBe; Killmatronix's ghost, novice OpHu; loralnil's ghost, novice DrTm
D:8 exclusion: skeleton


Innate Abilities, Weirdness & Mutations

You cannot wear most types of armour.
You are very stealthy in the water. (Stealth+)
You are amphibious.
You can wear up to eight rings at the same time.
You can use your tentacles to constrict eight enemies at once.
Your skin changes colour to match your surroundings (Stealth+).
Your rubbery body absorbs attacks. (AC +1, EV +1)


Message History

Casting: Poisonous Vapours (safe; 1% risk of failure)
Confirm with . or Enter, or press ? or * to list all spells.
Aiming: Poisonous Vapours (safe; 1% risk of failure)
Press: ? - help, Dir - move target Poisonous vapours surround something!
Something hits you.
* * * LOW HITPOINT WARNING * * *
Deactivating autopickup; reactivate with Ctrl-A.
Something hits you!
* * * LOW HITPOINT WARNING * * *
Okay, then.
Unknown command.
Blink to where?
Press: ? - help, Dir - move target
As you read the scroll of blinking, it crumbles to dust.
Found 18 gold pieces.
As you read the scroll of teleportation, it crumbles to dust.
You feel strangely unstable.
A leopard gecko comes into view.
Something hits you!
You die...

#.##....##
#....@..#
####...##
#...#
#...#
#....
#..$.#
...l..
.......


You could see a leopard gecko (asleep).

Vanquished Creatures
  Harold (D:7)
  Sigmund (D:5)
  3 orc warriors
  4 ogres
  5 centaurs
  A big kobold (D:7)
  Blork the orc (D:5)
  3 bullfrogs
  A gnoll sergeant (D:7)
  A scorpion (D:8)
  5 killer bees (D:8)
  A bullfrog zombie (D:8)
  A centaur skeleton (D:8)
  3 orc priests
  A gnoll shaman (D:7)
  A bullfrog skeleton (D:8)
  3 iguanas
  6 orc wizards
  2 worker ants
  A hound zombie (D:7)
  9 gnolls
  11 adders
  2 shadow imps (D:6)
  2 white imps (D:5)
  5 ufetubi
  An adder zombie (D:5)
  An adder skeleton (D:5)
  A worm (D:2)
  3 dart slugs
  A leopard gecko (D:3)
  20 orcs
  5 giant cockroaches
  11 hobgoblins
  12 jackals
  A quokka (D:6)
  3 bats
  4 frilled lizards
  A giant cockroach zombie (D:6)
  8 goblins
  13 kobolds
  A leopard gecko skeleton (D:8)
  A quokka zombie (D:5)
  6 rats
167 creatures vanquished.

Vanquished Creatures (others)
  2 withered plants (D:5)
2 creatures vanquished.

Grand Total: 169 creatures vanquished

Notes
Turn   | Place    | Note
-------+----------+-------------------------------------------
     0 | D:1      | Tungsten the Octopode Venom Mage began the quest for the
                  | Orb.
     0 | D:1      | Reached XP level 1. HP: 11/11 MP: 3/3
   210 | D:1      | Reached XP level 2. HP: 17/17 MP: 1/5
   402 | D:1      | Reached skill level 4 in Poison Magic
   924 | D:1      | Reached XP level 3. HP: 21/21 MP: 2/6
  1175 | D:2      | Found a sacrificial altar of Ru.
  1606 | D:2      | Found a shadowy altar of Dithmenos.
  1606 | D:2      | Found a snail-covered altar of Cheibriados.
  1607 | D:2      | Found an ornate altar of the Wu Jian Council.
  2778 | D:3      | Reached XP level 4. HP: 27/27 MP: 6/8
  3012 | D:3      | Learned a level 2 spell: Poisonous Vapours
  3467 | D:3      | Found a runed translucent door.
  3475 | D:3      | Noticed ioannis32's ghost (amateur DsBe)
  3787 | D:4      | Found a blossoming altar of Fedhas.
  3794 | D:4      | Found a stormy altar of Qazlal.
  3805 | D:4      | Reached XP level 5. HP: 31/31 MP: 0/9
  4228 | D:4      | Reached skill level 5 in Poison Magic
  4325 | D:4      | Found a sparkling altar of Nemelex Xobeh.
  4666 | D:5      | Entered Level 5 of the Dungeon
  4666 | D:5      | Found a runed translucent gate.
  4666 | D:5      | Found a runed translucent gate.
  4666 | D:5      | Found a runed translucent gate.
  4666 | D:5      | Noticed Jaiteiro's ghost (novice DsBe)
  4666 | D:5      | Noticed loralnil's ghost (novice DrTm)
  4666 | D:5      | Noticed Goblin1989's ghost (weakling DsDe)
  4666 | D:5      | Noticed Killmatronix's ghost (novice OpHu)
  4949 | D:5      | Noticed Sigmund
  5283 | D:5      | Killed Sigmund
  5284 | D:5      | Reached XP level 6. HP: 28/36 MP: 3/11
  5429 | D:5      | Found a radiant altar of Vehumet.
  5440 | D:5      | Noticed Blork the orc
  5575 | D:5      | Reached skill level 6 in Poison Magic
  5645 | D:5      | Reached XP level 7. HP: 41/41 MP: 6/13
  5703 | D:5      | Learned a level 3 spell: Mephitic Cloud
  5707 | D:5      | Learned a level 3 spell: Ignite Poison
  5712 | D:5      | Learned a level 4 spell: Olgreb's Toxic Radiance
  5744 | D:5      | Became a worshipper of Vehumet
  5755 | D:5      | Killed Blork the orc
  6919 | D:6      | Reached skill level 1 in Conjurations
  6927 | D:6      | Reached skill level 1 in Air Magic
  7454 | D:6      | Reached skill level 1 in Fire Magic
  7459 | D:6      | Reached XP level 8. HP: 13/46 MP: 0/14
  8511 | D:7      | Noticed Harold
  8825 | D:7      | Reached * piety under Vehumet
  8825 | D:7      | Offered knowledge of Freeze by Vehumet.
  8826 | D:7      | Reached skill level 5 in Transmutations
  8826 | D:7      | Reached skill level 7 in Poison Magic
  8832 | D:7      | Reached skill level 5 in Spellcasting
  9190 | D:7      | Found a staircase to the Ecumenical Temple.
  9549 | D:7      | Reached skill level 8 in Poison Magic
 10075 | D:7      | Found Xessehax's Book Shoppe.
 10261 | Temple   | Entered the Ecumenical Temple
 10533 | D:7      | Reached XP level 9. HP: 10/51 MP: 5/18
 11159 | D:7      | Reached skill level 9 in Poison Magic
 11166 | D:7      | Killed Harold
 11167 | D:7      | Reached skill level 10 in Poison Magic
 12237 | D:8      | Offered knowledge of Searing Ray by Vehumet.
 12242 | D:8      | Reached ** piety under Vehumet
 12495 | D:8      | Reached XP level 10. HP: 40/56 MP: 2/22
 12919 | D:8      | You fall into a shaft and drop 3 floors!
 12930 | D:10     | Entered Level 10 of the Dungeon
 12949 | D:10     | Slain by an unseen horror

Illustrated notes

Levels and vault maps discovered:
D:1:      roderic_octagonal_star, layout_basic
D:2:      layout_basic, gammafunk_temple_overflow_claw, nicolae_ru_awakened_eye
D:3:      layout_loops_cross, ebering_ghost_sewer_d, minmay_box_of_dots
D:4:      layout_loops_ring, grunt_temple_overflow_forces_of_nature,
          nemelex_diamond_rough_becter
D:5:      layout_rooms, vehumet_crystals, gammafunk_ghost_cemetery,
          minmay_misc_feat_enclosed, uniq_blork_the_orc, uniq_sigmund
D:6:      layout_loops_corners
D:7:      layout_basic, minmay_temple_entry_mini_moons, serial_shops,
          nicolae_shop_waterfront, uniq_harold
D:8:      layout_loops_ring, kennysheep_mini
D:10:     layout_loops_cross, the_bakery, uniq_joseph, uniq_josephine
D:11:     layout_roguey, lair_entry_dummy
Temple:   regret_index_temple_generic_petals

Skill      XL: |  1  2  3  4  5  6  7  8  9 10 |
---------------+-------------------------------+-----
Poison Magic   | 4 5 6 8 10 | 10.0
Transmutations | 2 3 4 5 |  5.0
Spellcasting   | 3 4 6 8 9 |  9.0
Conjurations   | 1 2 |  2.0
Air Magic      | 1 2 |  2.0
Fire Magic     | 1 2 |  2.0
Dodging        | |  2.0
Stealth        | |  2.6

Action                   |  1- 3 |  4- 6 |  7- 9 | 10-12 || total
-------------------------+-------+-------+-------+-------++-------
Melee: Dagger            |    10 |       |       |       ||    10
       Constrict         |     5 |     5 |     8 |       ||    18
       Whip              |       |    15 |    61 |     2 ||    78
       Tentacles         |       |     2 |     7 |     1 ||    10
 Fire: Hunting sling     |       |    16 |     8 |       ||    24
 Cast: Sting             |    80 |    17 |    25 |       ||   122
       Poisonous Vapours |       |    50 |   143 |     8 ||   201
       Mephitic Cloud    |       |       |    13 |     2 ||    15
       Ignite Poison     |       |       |    10 |     2 ||    12
       Olgreb's Toxic Ra |       |       |     2 |       ||     2
Evoke: Wand              |       |       |     6 |       ||     6
  Use: Scroll            |     5 |     4 |     8 |     3 ||    20
       Potion            |       |       |     2 |       ||     2
 Stab: Sleeping          |       |     1 |       |       ||     1
       Confused          |       |       |     2 |       ||     2
Armor: Skin              |     1 |     1 |     4 |     1 ||     7
Dodge: Dodged            |    20 |    17 |    76 |     1 ||   114
